[Event "ICC tourney 2530 (3 2)"]
[Site "Internet Chess Club"]
[Date "2021.04.23"]
[Round "5"]
[White "TAY, BRIAN:K09-15880655"]
[Black "RAVAL, MEET:K09-30125723"]
[Result "1-0"]
[ICCResult "Black checkmated"]
[WhiteElo "1400"]
[BlackElo "1400"]
[Opening "Scandinavian (center counter) defense"]
[ECO "B01"]
[NIC "VO.17"]
[Time "19:14:43"]
[PlyCount "73"]
[TimeControl "180+2"]

1. e4 d5 2. exd5 Qxd5 3. Nf3 Bf5 4. d4 e6 5. Be2 Bd6 6. Be3 Nf6 7. h3 Qa5+
8. c3 Qb6 9. Qb3 c6 10. O-O O-O 11. Nbd2 Nbd7 12. Nc4 Qc7 13. Nxd6 Qxd6 14.
Rfd1 Rfe8 15. c4 b6 16. Rac1 e5 17. dxe5 Qb8 18. exf6 Nxf6 19. c5 bxc5 20.
Qxb8 Raxb8 21. b3 Nd5 22. Bd3 Nxe3 23. fxe3 Bxd3 24. Rxd3 Rbd8 25. Rxd8
Rxd8 26. Rxc5 Rd1+ 27. Kf2 Ra1 28. Rxc6 h6 29. Ra6 Rb1 30. Rxa7 Rb2+ 31.
Kg3 Kh7 32. a4 f5 33. Nd4 Kg6 34. Ra6+ Kg5 35. h4+ Kh5 36. Nxf5 g6 37. Ng7#
{ Black checkmated } 1-0

[Event "ICC tourney 2530 (3 2)"]
[Site "Internet Chess Club"]
[Date "2021.04.23"]
[Round "5"]
[White "XIONG, LANG:K09-16344675"]
[Black "GELDIYEV, MEKAN:K12-30158418"]
[Result "1-0"]
[ICCResult "Black resigns"]
[WhiteElo "1400"]
[BlackElo "1400"]
[Opening "Queen's pawn: Charlick (Englund) gambit"]
[ECO "A40"]
[NIC "QO.17"]
[Time "19:15:05"]
[PlyCount "51"]
[TimeControl "180+2"]

1. d4 e5 2. dxe5 Bc5 3. Nf3 d6 4. exd6 Ne7 5. Nc3 Nbc6 6. Bg5 f6 7. Bh4 Bf5
8. dxe7 Qxe7 9. e3 O-O 10. Bc4+ Be6 11. Bxe6+ Qxe6 12. Qd5 Qxd5 13. Nxd5
Bb6 14. Nxb6 axb6 15. a3 h5 16. O-O-O g5 17. Bg3 Rac8 18. h4 g4 19. Nd4
Nxd4 20. Rxd4 c5 21. Rd7 Rf7 22. Rhd1 Ra8 23. Rxf7 Kxf7 24. Rd7+ Ke6 25.
Rxb7 Ra6 26. Bc7 { Black resigns } 1-0

[Event "ICC tourney 2530 (3 2)"]
[Site "Internet Chess Club"]
[Date "2021.04.23"]
[Round "5"]
[White "LI, AUSTIN:K09-16606238"]
[Black "TANZI, ANTONIO:K12-30133927"]
[Result "1-0"]
[ICCResult "Black resigns"]
[WhiteElo "1400"]
[BlackElo "1400"]
[Opening "King's knight's gambit"]
[ECO "C34"]
[NIC "KG.02"]
[Time "19:14:41"]
[PlyCount "55"]
[TimeControl "180+2"]

1. e4 e5 2. f4 exf4 3. Nf3 Nc6 4. d4 Nf6 5. Nc3 d5 6. exd5 Nxd5 7. Nxd5
Qxd5 8. Bxf4 Bd6 9. Bxd6 Qxd6 10. Bc4 O-O 11. O-O Be6 12. d5 Na5 13. dxe6
Qxd1 14. exf7+ Kh8 15. Raxd1 Nxc4 16. Rd7 Rac8 17. b3 Nb6 18. Re7 Nd5 19.
Re5 c6 20. Nd4 Rxf7 21. Rxf7 g6 22. Ne6 h5 23. Rf8+ Rxf8 24. Nxf8 Kg7 25.
Nd7 b5 26. Nb8 a5 27. Nxc6 a4 28. Rxd5 { Black resigns } 1-0

[Event "ICC tourney 2530 (3 2)"]
[Site "Internet Chess Club"]
[Date "2021.04.23"]
[Round "5"]
[White "SEO, CHRISTOPHER:K12-15644992"]
[Black "MERCADO, PATRICIO:K09-16368776"]
[Result "0-1"]
[ICCResult "White resigns"]
[WhiteElo "1400"]
[BlackElo "1400"]
[Opening "Caro-Kann: Tartakower (fantasy) variation"]
[ECO "B12"]
[NIC "CK.02"]
[Time "19:14:56"]
[PlyCount "78"]
[TimeControl "180+2"]

1. e4 c6 2. d4 d5 3. f3 dxe4 4. fxe4 Nf6 5. Nc3 e6 6. a3 Nbd7 7. Bd3 e5 8.
dxe5 Nxe5 9. Nf3 Bg4 10. Be2 Qxd1+ 11. Kxd1 O-O-O+ 12. Ke1 Nxf3+ 13. Bxf3
Bxf3 14. gxf3 Bc5 15. Ke2 Rhe8 16. Be3 Bxe3 17. Kxe3 Nd5+ 18. Nxd5 cxd5 19.
Rad1 dxe4 20. Rxd8+ Rxd8 21. fxe4 Kc7 22. Rf1 f6 23. Rg1 g6 24. h4 Re8 25.
h5 g5 26. Rf1 Rf8 27. Kf3 f5 28. Kg3 f4+ 29. Kg4 h6 30. e5 Re8 31. Re1 Kc6
32. Kf5 Kd5 33. Kg6 Rxe5 34. Rd1+ Ke6 35. Kxh6 g4 36. Rd4 f3 37. Rxg4 f2
38. Rf4 Rf5 39. Re4+ Kf6 { White resigns } 0-1

[Event "ICC tourney 2530 (3 2)"]
[Site "Internet Chess Club"]
[Date "2021.04.23"]
[Round "5"]
[White "JOHN KIM, ANDREW:K09-16142364"]
[Black "HUNG, DANIEL:K12-14504425"]
[Result "0-1"]
[ICCResult "White checkmated"]
[WhiteElo "1400"]
[BlackElo "1400"]
[Opening "Queen's pawn, Mason variation, Steinitz counter-gambit"]
[ECO "D00"]
[NIC "QP.08"]
[Time "19:14:47"]
[PlyCount "92"]
[TimeControl "180+2"]

1. d4 d5 2. Bf4 c5 3. Nf3 cxd4 4. Nxd4 Nc6 5. e3 Nf6 6. Bb5 Bd7 7. Nxc6
Bxc6 8. Bxc6+ bxc6 9. Nc3 e6 10. O-O Bb4 11. a3 Bxc3 12. bxc3 O-O 13. Rb1
Qa5 14. Rb4 Qxa3 15. Rb3 Qa6 16. Qd4 Rfc8 17. Rfb1 c5 18. Qe5 Nd7 19. Qd6
Qxd6 20. Bxd6 Nb6 21. Bxc5 Rxc5 22. Rb5 Rxb5 23. Rxb5 Kf8 24. Kf1 Rc8 25.
Ra5 Rxc3 26. Rxa7 Rxc2 27. Rb7 Nc4 28. Rb8+ Ke7 29. Rb7+ Kf6 30. Rb8 Nd2+
31. Ke2 Ne4+ 32. Kf3 Rxf2+ 33. Kg4 Rxg2+ 34. Kf3 Rf2+ 35. Kg4 Kg6 36. h4
h5+ 37. Kh3 Rf3+ 38. Kg2 Rxe3 39. Kh2 Nf2 40. Rb2 Ng4+ 41. Kg2 d4 42. Kf1
d3 43. Rd2 Kf5 44. Kg1 Ke4 45. Kf1 Kf3 46. Kg1 Re1# { White checkmated }
0-1

[Event "ICC tourney 2530 (3 2)"]
[Site "Internet Chess Club"]
[Date "2021.04.23"]
[Round "5"]
[White "LIU, JOSHUA:K09-16222106"]
[Black "DARILEK, MILES:K09-30135218"]
[Result "1-0"]
[ICCResult "Black checkmated"]
[WhiteElo "1400"]
[BlackElo "1400"]
[Opening "QGD: Marshall defense"]
[ECO "D06"]
[NIC "QP.08"]
[Time "19:15:37"]
[PlyCount "41"]
[TimeControl "180+2"]

1. d4 d5 2. c4 Nf6 3. cxd5 Nxd5 4. e4 g6 5. exd5 Qxd5 6. Nc3 Qe5+ 7. dxe5
Bg7 8. Be3 O-O 9. h4 b6 10. h5 c5 11. hxg6 fxg6 12. Qd5+ e6 13. Qxa8 Rd8
14. Qxb8 c4 15. Bxc4 Bxe5 16. Bxe6+ Kg7 17. Qxe5+ Kf8 18. Bh6+ Ke8 19.
Bxc8+ Kf7 20. Qg7+ Ke8 21. Qf8# { Black checkmated } 1-0

[Event "ICC tourney 2530 (3 2)"]
[Site "Internet Chess Club"]
[Date "2021.04.23"]
[Round "5"]
[White "KINI, SIDDHARTH:K09-15628986"]
[Black "CATLIN, CHRISTIAN:K09-17355105"]
[Result "1-0"]
[ICCResult "Black resigns"]
[WhiteElo "1400"]
[BlackElo "1400"]
[Opening "Vienna gambit"]
[ECO "C29"]
[NIC "VG.04"]
[Time "19:14:57"]
[PlyCount "61"]
[TimeControl "180+2"]

1. e4 e5 2. Nc3 Nf6 3. f4 exf4 4. e5 Ng8 5. Nf3 f6 6. d4 Nc6 7. Bxf4 g5 8.
Be3 Qe7 9. h3 fxe5 10. dxe5 Nxe5 11. Nxe5 Qxe5 12. Qe2 Bb4 13. Bd4 Qxe2+
14. Bxe2 Nf6 15. Bxf6 O-O 16. Bd4 Bd6 17. O-O-O Bf4+ 18. Kb1 d6 19. Bc4+
Rf7 20. Bxf7+ Kxf7 21. Rhf1 Bf5 22. g3 Bxc2+ 23. Kxc2 Kg6 24. gxf4 Re8 25.
fxg5 Kxg5 26. Rg1+ Kh4 27. Rd3 c5 28. Bf2+ Kh5 29. Rdg3 Rf8 30. Rg5+ Kh6
31. Be3 { Black resigns } 1-0

[Event "ICC tourney 2530 (3 2)"]
[Site "Internet Chess Club"]
[Date "2021.04.23"]
[Round "5"]
[White "GUPTA, VEDANT:K09-30042581"]
[Black "WANG, ETHAN:K09-15914623"]
[Result "0-1"]
[ICCResult "White checkmated"]
[WhiteElo "1400"]
[BlackElo "1400"]
[Opening "Sicilian defense"]
[ECO "B20"]
[NIC "SI.48"]
[Time "19:15:00"]
[PlyCount "56"]
[TimeControl "180+2"]

1. e4 c5 2. Bc4 e6 3. Nf3 a6 4. Nc3 b5 5. Bb3 c4 6. Bxc4 bxc4 7. d3 cxd3 8.
Qxd3 Bb7 9. Bg5 Be7 10. Bxe7 Nxe7 11. O-O-O O-O 12. Ng5 h6 13. Nh3 Qc7 14.
e5 Qxe5 15. Rhe1 Qf5 16. Qe3 Bxg2 17. Ne4 Bxe4 18. Rg1 Kh7 19. Ng5+ hxg5
20. Rxg5 Qf6 21. Rdg1 g6 22. h4 Bf5 23. h5 Nbc6 24. hxg6+ Bxg6 25. Rxg6
Nxg6 26. Rxg6 Qxg6 27. f4 Qg1+ 28. Qe1 Qxe1# { White checkmated } 0-1

[Event "ICC tourney 2530 (3 2)"]
[Site "Internet Chess Club"]
[Date "2021.04.23"]
[Round "5"]
[White "GUERRERIO, CHRISTOPHER:K09-16206065"]
[Black "VIBHAV BONDALAPATI, SRI:K09-16633657"]
[Result "0-1"]
[ICCResult "White checkmated"]
[WhiteElo "1108"]
[BlackElo "1400"]
[Opening "Nimzo-Indian: Sämisch variation"]
[ECO "E27"]
[NIC "NI.18"]
[Time "19:14:46"]
[PlyCount "76"]
[TimeControl "180+2"]

1. d4 Nf6 2. c4 e6 3. Nc3 Bb4 4. a3 Bxc3+ 5. bxc3 O-O 6. Nf3 d5 7. cxd5
exd5 8. e3 Bf5 9. Bd3 Bxd3 10. Qxd3 Nc6 11. Bb2 Ne4 12. Nd2 Re8 13. O-O
Nxd2 14. Qxd2 Qf6 15. Rae1 Na5 16. Qc2 Nc4 17. Ba1 Nxa3 18. Qb3 Nc4 19.
Qxb7 Nd2 20. Qxc7 Nxf1 21. Rxf1 Qe7 22. Qa5 Qd8 23. Qc5 h6 24. Bb2 a5 25.
Ba3 Rc8 26. Qa7 Rxc3 27. Bb2 Rb3 28. Rb1 Qb8 29. Qxa5 Rxb2 30. Rxb2 Qxb2
31. h3 Qb3 32. Qc7 Rb8 33. Qc6 Qb7 34. Qa4 Qc7 35. g3 Rb1+ 36. Kg2 Qc1 37.
Qe8+ Kh7 38. Qxf7 Qh1# { White checkmated } 0-1

[Event "ICC tourney 2530 (3 2)"]
[Site "Internet Chess Club"]
[Date "2021.04.23"]
[Round "5"]
[White "YUMA GRENDA, LUCAS:K12-30158654"]
[Black "Y NG, EUGENE:K09-17199947"]
[Result "1-0"]
[ICCResult "Black resigns"]
[WhiteElo "1433"]
[BlackElo "1400"]
[Opening "Scandinavian (center counter) defense"]
[ECO "B01"]
[NIC "VO.17"]
[Time "19:14:53"]
[PlyCount "71"]
[TimeControl "180+2"]

1. e4 d5 2. e5 c5 3. Nf3 Nc6 4. c3 Bg4 5. h3 Bxf3 6. Qxf3 Nxe5 7. Qe3 Nc6
8. d4 cxd4 9. cxd4 e6 10. Bb5 Nf6 11. O-O Qb6 12. Nc3 Bd6 13. Bd3 O-O 14.
Na4 Qxd4 15. Qxd4 Nxd4 16. Bd2 e5 17. Nc3 e4 18. Bb5 Nh5 19. Ba4 Nf4 20. g3
Nd3 21. b3 Nf3+ 22. Kg2 Nxd2 23. Rfd1 Nf3 24. Nxd5 Rac8 25. Ne3 Bc5 26.
Rxd3 exd3 27. Kxf3 Bxe3 28. fxe3 d2 29. Rd1 Rfd8 30. Ke2 Rc2 31. a3 Kf8 32.
b4 Ra2 33. Bb3 Rxa3 34. Bc2 Re8 35. e4 Rf3 36. Kxf3 { Black resigns } 1-0

[Event "ICC tourney 2530 (3 2)"]
[Site "Internet Chess Club"]
[Date "2021.04.23"]
[Round "5"]
[White "XINZHE ZHANG, ALEXANDER:K09-16588540"]
[Black "NIRAG SHAH, ARYA:K12-17096474"]
[Result "1-0"]
[ICCResult "Black resigns"]
[WhiteElo "1400"]
[BlackElo "1400"]
[Opening "Scandinavian (center counter) defense"]
[ECO "B01"]
[NIC "VO.17"]
[Time "19:15:37"]
[PlyCount "53"]
[TimeControl "180+2"]

1. e4 d5 2. Nc3 dxe4 3. Nxe4 e5 4. Ng3 Nf6 5. Bc4 Nc6 6. N1e2 Bc5 7. O-O
O-O 8. d3 Qe7 9. Be3 Bb6 10. Kh1 Be6 11. Bb3 Rad8 12. Bxb6 axb6 13. f3 Bxb3
14. axb3 Nd5 15. Qd2 f5 16. f4 e4 17. dxe4 fxe4 18. Qe1 Ne3 19. Qc3 Nxf1
20. Rxf1 Rd6 21. f5 Rfd8 22. f6 Rxf6 23. Nf5 Qf7 24. Neg3 Rf8 25. Kg1 Qe7
26. Nxe7+ Nxe7 27. Rxf6 { Black resigns } 1-0

[Event "ICC tourney 2530 (3 2)"]
[Site "Internet Chess Club"]
[Date "2021.04.23"]
[Round "5"]
[White "SREEJAN BAYYARAPU, MOHIT:K09-15582120"]
[Black "AVNER DEUTSCH, DAVID:K09-17126014"]
[Result "1-0"]
[ICCResult "Black checkmated"]
[WhiteElo "1400"]
[BlackElo "1400"]
[Opening "French: advance, Paulsen attack"]
[ECO "C02"]
[NIC "FR.03"]
[Time "19:15:07"]
[PlyCount "51"]
[TimeControl "180+2"]

1. e4 e6 2. d4 d5 3. e5 c5 4. c3 Nc6 5. Nf3 Qb6 6. a3 Bd7 7. b4 cxd4 8.
cxd4 a6 9. Bb2 Nge7 10. Bd3 Ng6 11. Bxg6 hxg6 12. Nc3 a5 13. b5 Na7 14. a4
Nc8 15. Rc1 Ne7 16. O-O Nf5 17. Ne2 Be7 18. Qc2 Kd8 19. Qb3 Rc8 20. Rxc8+
Bxc8 21. Rc1 Kd7 22. Ba3 Bxa3 23. Qxa3 Qa7 24. g4 Nh6 25. Qd6+ Ke8 26.
Rxc8# { Black checkmated } 1-0

[Event "ICC tourney 2530 (3 2)"]
[Site "Internet Chess Club"]
[Date "2021.04.23"]
[Round "5"]
[White "GERALD AVERY, JOHN:K09-16706744"]
[Black "SAXENA, PRATHAM:K09-30155954"]
[Result "1-0"]
[ICCResult "Black checkmated"]
[WhiteElo "1400"]
[BlackElo "1400"]
[Opening "Four knights: Spanish variation"]
[ECO "C48"]
[NIC "KP.03"]
[Time "19:14:42"]
[PlyCount "67"]
[TimeControl "180+2"]

1. e4 e5 2. Nf3 Nc6 3. Nc3 Nf6 4. Bb5 Qe7 5. O-O a6 6. Ba4 b5 7. Bb3 Qd8 8.
Ng5 d5 9. exd5 Nxd5 10. Bxd5 Bd7 11. Nxf7 Ke7 12. Nxh8 Nb4 13. d3 c6 14.
Bg5+ Ke8 15. Bxd8 Kxd8 16. Bb3 a5 17. Nf7+ Ke8 18. Nxe5 a4 19. Bf7+ Kd8 20.
Qf3 Rc8 21. Bh5 Be7 22. Qf7 Nxc2 23. Nxd7 Kxd7 24. Bg4+ Kc7 25. Qxe7+ Kb8
26. Rac1 Rc7 27. Qd8+ Kb7 28. Ne4 Kb6 29. Rxc2 g6 30. Bd7 h5 31. Rxc6+ Kb7
32. Nc5+ Ka7 33. Qxc7+ Ka8 34. Ra6# { Black checkmated } 1-0

[Event "ICC tourney 2530 (3 2)"]
[Site "Internet Chess Club"]
[Date "2021.04.23"]
[Round "5"]
[White "CHA, SAMUEL:K12-30048965"]
[Black "T FEDDERSEN, NICHOLAS:K09-17108237"]
[Result "0-1"]
[ICCResult "White resigns"]
[WhiteElo "1165"]
[BlackElo "1400"]
[Opening "Caro-Kann: exchange variation"]
[ECO "B13"]
[NIC "CK.02"]
[Time "19:14:56"]
[PlyCount "86"]
[TimeControl "180+2"]

1. e4 c6 2. d4 d5 3. exd5 cxd5 4. c3 Nf6 5. Bd3 Bg4 6. Ne2 Bxe2 7. Qxe2 e6
8. Bg5 Be7 9. Nd2 Nbd7 10. Nb3 Nb6 11. Qc2 g6 12. h3 Qd7 13. Nd2 Rc8 14. a4
Qd8 15. Bb5+ Nbd7 16. Nf3 a6 17. Bd3 O-O 18. Qd2 Re8 19. Bxf6 Bxf6 20. h4
h5 21. Qh6 Bg7 22. Qd2 Nf6 23. Ng5 Qe7 24. Qc2 Ng4 25. f3 Ne3 26. Qe2 Nf5
27. Rh3 Bf6 28. Qd2 Rc7 29. g4 Ng7 30. gxh5 Nxh5 31. O-O-O Kg7 32. Rdh1
Bxd4 33. f4 Bf6 34. Re1 Qb4 35. Bc2 Qxf4 36. Ree3 Bxg5 37. hxg5 Qxg5 38.
Ref3 Qxd2+ 39. Kxd2 Rh8 40. Ke3 Rc4 41. Bb3 Rcc8 42. Rf2 Nf6 43. Rhf3 Ng4+
{ White resigns } 0-1

[Event "ICC tourney 2530 (3 2)"]
[Site "Internet Chess Club"]
[Date "2021.04.23"]
[Round "5"]
[White "CHANDRAN, HARISH:K09-15751871"]
[Black "PEREZ MEZA, RODRIGO:K09-30127782"]
[Result "1-0"]
[ICCResult "Black resigns"]
[WhiteElo "1400"]
[BlackElo "1400"]
[Opening "English opening"]
[ECO "A20"]
[NIC "EO.25"]
[Time "19:14:53"]
[PlyCount "77"]
[TimeControl "180+2"]

1. c4 e5 2. d3 Nf6 3. Nc3 Bc5 4. Nf3 Nc6 5. Bd2 O-O 6. g3 d6 7. Bg2 a5 8.
O-O Be6 9. a3 Re8 10. Rb1 b6 11. Ng5 Nd4 12. Nxe6 Nxe6 13. Bxa8 Qxa8 14. b4
axb4 15. axb4 Bd4 16. b5 d5 17. cxd5 Bxc3 18. dxe6 Bxd2 19. exf7+ Kxf7 20.
Qxd2 Rd8 21. Rfc1 Qb7 22. Rc6 Nd5 23. Rbc1 g6 24. e4 Ne7 25. Rxc7 Qb8 26.
Qa2+ Kf8 27. Qe6 Re8 28. Rxe7 Rxe7 29. Rc8+ Qxc8 30. Qxc8+ Kf7 31. Qc6 Kg7
32. Qxb6 Kh6 33. Qd6 Rb7 34. Qxe5 Ra7 35. Qf4+ Kg7 36. e5 Ra1+ 37. Kg2 Re1
38. Qf6+ Kh6 39. e6 { Black resigns } 1-0

[Event "ICC tourney 2530 (3 2)"]
[Site "Internet Chess Club"]
[Date "2021.04.23"]
[Round "5"]
[White "ZONG, DAVIS:K09-14980186"]
[Black "MUTHUKUMARAN, ARJUN:K09-30018527"]
[Result "1-0"]
[ICCResult "Black forfeits on time"]
[WhiteElo "1400"]
[BlackElo "1400"]
[Opening "QGD: 4.Nf3"]
[ECO "D37"]
[NIC "QO.16"]
[Time "19:15:02"]
[PlyCount "43"]
[TimeControl "180+2"]

1. d4 d5 2. c4 e6 3. Nc3 Nf6 4. Nf3 Nc6 5. Bf4 Bd6 6. Bg5 O-O 7. cxd5 exd5
8. Nxd5 Be7 9. Nxe7+ Qxe7 10. e3 Bf5 11. Be2 h6 12. Bh4 Rad8 13. O-O Rfe8
14. Qb3 b6 15. Rac1 Bd7 16. Bb5 Na5 17. Qa4 Bxb5 18. Qxb5 c6 19. Qa4 Rc8
20. Ne5 Qd6 21. b4 Nb7 22. Qxa7 { Black forfeits on time } 1-0

[Event "ICC tourney 2530 (3 2)"]
[Site "Internet Chess Club"]
[Date "2021.04.23"]
[Round "5"]
[White "SUVOROV, ZACHARY:K12-30101116"]
[Black "BASTIANI FONCK, CLAUDIO:K12-16874166"]
[Result "0-1"]
[ICCResult "White checkmated"]
[WhiteElo "1400"]
[BlackElo "1400"]
[Opening "Sicilian defense"]
[ECO "B30"]
[NIC "SI.31"]
[Time "19:15:05"]
[PlyCount "60"]
[TimeControl "180+2"]

1. e4 c5 2. Nf3 Nc6 3. c3 d6 4. d4 cxd4 5. cxd4 e6 6. Nc3 Nf6 7. e5 dxe5 8.
Bg5 exd4 9. Bxf6 Qxf6 10. Ne4 Qd8 11. Bd3 Bb4+ 12. Ned2 O-O 13. O-O Re8 14.
Nb3 e5 15. a3 Bd6 16. Nfd2 Be6 17. Qh5 g6 18. Qxh7+ Kxh7 19. Nc1 Bd5 20. f3
Qg5 21. Ne2 Qxd2 22. Ng3 Qe3+ 23. Kh1 Qxd3 24. Rfd1 Qb3 25. Ne2 Bxf3 26.
Nxd4 Bxg2+ 27. Kg1 Nxd4 28. Kxg2 Qf3+ 29. Kg1 Bc5 30. Rf1 Ne2# { White
checkmated } 0-1

[Event "ICC tourney 2530 (3 2)"]
[Site "Internet Chess Club"]
[Date "2021.04.23"]
[Round "5"]
[White "AUGUST QUESTER BOYDEN, HUGO:K09-30161202"]
[Black "ELIAS FALL, KHADIM:K09-15886147"]
[Result "0-1"]
[ICCResult "White checkmated"]
[WhiteElo "1400"]
[BlackElo "1400"]
[Opening "Four knights: Italian variation"]
[ECO "C47"]
[NIC "KP.06"]
[Time "19:15:37"]
[PlyCount "72"]
[TimeControl "180+2"]

1. e4 e5 2. Nf3 Nc6 3. Nc3 Nf6 4. Bc4 Bb4 5. d3 O-O 6. Bg5 h6 7. Be3 d6 8.
Qe2 Bg4 9. O-O-O Qe7 10. h3 Bxf3 11. Qxf3 Nd4 12. Bxd4 exd4 13. Nd5 Nxd5
14. Bxd5 c6 15. Bc4 b5 16. Bb3 Rac8 17. Rhe1 a5 18. a4 bxa4 19. Bxa4 Bxe1
20. Rxe1 d5 21. b3 dxe4 22. Rxe4 Qg5+ 23. Rf4 Rfd8 24. g3 Rc7 25. h4 Qg6
26. h5 Qg5 27. Bxc6 Rdc8 28. Kd2 Rxc6 29. Kd1 Rf6 30. Rxf6 Qxf6 31. Qb7 Re8
32. Qd7 Qf3+ 33. Kc1 Re1+ 34. Kb2 Qd1 35. Qd8+ Kh7 36. Qxd4 Qa1# { White
checkmated } 0-1

[Event "ICC tourney 2530 (3 2)"]
[Site "Internet Chess Club"]
[Date "2021.04.23"]
[Round "5"]
[White "KUMAR MULPURI, PARTHIV:K09-16906012"]
[Black "BALAKRISHNAN, NAVEEN:K09-15197624"]
[Result "0-1"]
[ICCResult "White forfeits on time"]
[WhiteElo "1400"]
[BlackElo "1400"]
[Opening "Sicilian: O'Kelly variation"]
[ECO "B28"]
[NIC "SI.43"]
[Time "19:14:48"]
[PlyCount "52"]
[TimeControl "180+2"]

1. e4 c5 2. Nf3 a6 3. d3 e6 4. g3 d5 5. exd5 exd5 6. Bg2 Nc6 7. O-O Nf6 8.
Re1+ Be7 9. Bg5 O-O 10. Nc3 Bg4 11. h3 Bh5 12. Qe2 Re8 13. Bxf6 Bxf6 14.
Qxe8+ Qxe8 15. Rxe8+ Rxe8 16. Nxd5 Bxf3 17. Bxf3 Nd4 18. Nxf6+ gxf6 19.
Bxb7 Re2 20. Bxa6 Rxc2 21. b3 Rd2 22. Kf1 Nc2 23. Rc1 Nb4 24. Bb5 Rxa2 25.
Rxc5 Rb2 26. Bc4 Nc2 { White forfeits on time } 0-1

[Event "ICC tourney 2530 (3 2)"]
[Site "Internet Chess Club"]
[Date "2021.04.23"]
[Round "5"]
[White "SATISH UPPATHIL, ADITHYA:K09-30062860"]
[Black "DORON-REPA, HILLEL:K03-16771628"]
[Result "1-0"]
[ICCResult "Black checkmated"]
[WhiteElo "1400"]
[BlackElo "1400"]
[Opening "French: Marshall variation"]
[ECO "C10"]
[NIC "FR.04"]
[Time "19:15:37"]
[PlyCount "95"]
[TimeControl "180+2"]

1. e4 e6 2. d4 d5 3. Nc3 c5 4. exd5 exd5 5. dxc5 Bxc5 6. Qxd5 Bb4 7. Qxd8+
Kxd8 8. Bd2 Bxc3 9. Bxc3 Ke7 10. Bxg7 Nf6 11. Bxh8 Nd5 12. O-O-O Nb4 13. a3
N4c6 14. Bb5 a6 15. Bxc6 Nxc6 16. Nf3 Be6 17. Rhe1 Kf8 18. Bc3 Bg4 19. h3
Bh5 20. g4 Bg6 21. Ng5 h6 22. Ne4 Bxe4 23. Rxe4 Re8 24. Bg7+ Kxg7 25. Rxe8
Kf6 26. Rd6+ Kg5 27. f3 f6 28. Rd5+ Kg6 29. h4 Ne5 30. h5+ Kg5 31. Rg8+ Kf4
32. Rf8 Kxf3 33. Rxf6+ Ke4 34. Rdd6 Nxg4 35. Rfe6+ Kf5 36. Re7 Kg5 37. Rd5+
Kh4 38. Re4 Kg3 39. Rd3+ Kf2 40. Rf4+ Ke2 41. Rxg4 Kf2 42. Kd2 b5 43. Re4
b4 44. Re2+ Kf1 45. Rh3 Kg1 46. Rhh2 bxa3 47. Ke1 axb2 48. Reg2# { Black
checkmated } 1-0

[Event "ICC tourney 2530 (3 2)"]
[Site "Internet Chess Club"]
[Date "2021.04.23"]
[Round "5"]
[White "B LANCMAN, KYLE:K12-15146021"]
[Black "V MEHTA, SOHUM:K09-15597521"]
[Result "1-0"]
[ICCResult "Black checkmated"]
[WhiteElo "1400"]
[BlackElo "1400"]
[Opening "Sicilian defense"]
[ECO "B40"]
[NIC "SI.43"]
[Time "19:15:07"]
[PlyCount "65"]
[TimeControl "180+2"]

1. e4 c5 2. Nf3 e6 3. c3 a6 4. d4 cxd4 5. cxd4 Qc7 6. Nc3 b5 7. a3 Nf6 8.
Bd3 d6 9. O-O Nbd7 10. Be3 Bb7 11. Rc1 Qb8 12. Qe2 Be7 13. h3 O-O 14. Bg5
h6 15. Bh4 Qd8 16. Bg3 Rc8 17. Rfd1 Qb6 18. Qe3 Rfd8 19. Bb1 Qa7 20. Qd3 e5
21. b4 Qa8 22. dxe5 dxe5 23. Qe3 Qb8 24. Nd5 Nxd5 25. exd5 Rxc1 26. Rxc1
Bxd5 27. Nxe5 Nxe5 28. Bxe5 Qb7 29. Rc7 Bg5 30. Qd3 Qb6 31. Qh7+ Kf8 32.
Qxg7+ Ke8 33. Qg8# { Black checkmated } 1-0

[Event "ICC tourney 2530 (3 2)"]
[Site "Internet Chess Club"]
[Date "2021.04.23"]
[Round "5"]
[White "S SEALE, VLADIMIR:K09-30165604"]
[Black "SIDDIQI, AMAN:K09-30165568"]
[Result "0-1"]
[ICCResult "White resigns"]
[WhiteElo "1198"]
[BlackElo "1144"]
[Opening "Queen's pawn: Chigorin variation"]
[ECO "D00"]
[NIC "QP.08"]
[Time "19:14:45"]
[PlyCount "84"]
[TimeControl "180+2"]

1. d4 d5 2. Nc3 Nf6 3. Nf3 c5 4. dxc5 Nc6 5. e3 a6 6. b4 e5 7. b5 axb5 8.
Bxb5 Bxc5 9. Bxc6+ bxc6 10. Nxe5 Qb6 11. O-O O-O 12. e4 Bd4 13. Qd3 Bxe5
14. Ba3 Rxa3 15. Nxd5 Rxd3 16. Nxb6 Bxa1 17. Nxc8 Rxc8 18. cxd3 Be5 19. Rd1
c5 20. g3 Bd4 21. Re1 Ra8 22. e5 Nd7 23. e6 fxe6 24. Rxe6 Rxa2 25. Re8+ Kf7
26. Rb8 Nxb8 27. h4 Rxf2 28. g4 Rf3+ 29. Kg2 Rxd3 30. h5 Nc6 31. g5 Ne5 32.
g6+ hxg6 33. hxg6+ Nxg6 34. Kh1 Rd1+ 35. Kg2 Nf4+ 36. Kg3 c4 37. Kxf4 c3
38. Kg3 Bf2+ 39. Kg2 c2 40. Kxf2 c1=Q 41. Kg2 Qc3 42. Kh2 Rd2+ { White
resigns } 0-1

[Event "ICC tourney 2530 (3 2)"]
[Site "Internet Chess Club"]
[Date "2021.04.23"]
[Round "5"]
[White "S JANIS, MAXTON:K09-30158505"]
[Black "MAITI, VEDANT:K09-16844427"]
[Result "0-1"]
[ICCResult "White checkmated"]
[WhiteElo "1009"]
[BlackElo "1400"]
[Opening "Bishop's opening"]
[ECO "C23"]
[NIC "IG.04"]
[Time "19:15:02"]
[PlyCount "116"]
[TimeControl "180+2"]

1. e4 e5 2. Bc4 Nc6 3. Qh5 g6 4. Qf3 Qf6 5. Qd1 Bc5 6. Nf3 d6 7. O-O Bg4 8.
h3 Bxf3 9. gxf3 Nd4 10. Nc3 Nxf3+ 11. Kh1 Ne7 12. Nd5 Nxd5 13. Bxd5 c6 14.
Bc4 Nh4 15. d3 b5 16. Bb3 O-O 17. Rg1 Qxf2 18. Rg4 Nf3 19. Rg2 Qe1+ 20.
Qxe1 Nxe1 21. Re2 Nf3 22. Be3 Bxe3 23. Rxe3 Nd4 24. c3 Nxb3 25. axb3 f5 26.
exf5 gxf5 27. Rg3+ Kh8 28. Rag1 f4 29. Rg4 f3 30. Rf1 Rf7 31. Rg3 Raf8 32.
Kg1 d5 33. d4 e4 34. Re1 f2+ 35. Kf1 fxe1=Q+ 36. Kxe1 Rf1+ 37. Ke2 R8f2+
38. Ke3 Rf3+ 39. Rxf3 Rxf3+ 40. Ke2 Rxh3 41. c4 bxc4 42. bxc4 Rh2+ 43. Kd1
Rxb2 44. cxd5 cxd5 45. Kc1 e3 46. Kxb2 e2 47. Kc1 e1=Q+ 48. Kc2 Qe4+ 49.
Kc3 Qe3+ 50. Kb2 Qxd4+ 51. Kb3 Qc4+ 52. Kb2 h5 53. Ka1 h4 54. Kb1 h3 55.
Kb2 h2 56. Ka1 h1=Q+ 57. Kb2 Qg2+ 58. Kb1 Qga2# { White checkmated } 0-1

[Event "ICC tourney 2530 (3 2)"]
[Site "Internet Chess Club"]
[Date "2021.04.23"]
[Round "5"]
[White "SAI TUBATI, TARUN:K09-16761313"]
[Black "BIRADAVOLU, ASRITH:K12-14190950"]
[Result "0-1"]
[ICCResult "White forfeits on time"]
[WhiteElo "1400"]
[BlackElo "1400"]
[Opening "Sicilian defense"]
[ECO "B30"]
[NIC "SI.31"]
[Time "19:15:36"]
[PlyCount "62"]
[TimeControl "180+2"]

1. e4 c5 2. Nf3 Nc6 3. Nc3 g6 4. Bc4 Bg7 5. d3 Nf6 6. Bf4 O-O 7. O-O d6 8.
Qe2 Bg4 9. h3 Nd4 10. Qd2 Bxf3 11. Qe3 Nxc2 12. Qc1 Nxa1 13. gxf3 Nh5 14.
Bg3 Nxg3 15. fxg3 Qa5 16. Qxa1 Bxc3 17. bxc3 b5 18. Bd5 Rab8 19. Rb1 b4 20.
cxb4 Rxb4 21. Kg2 Rxb1 22. Qxb1 Qd2+ 23. Kf1 Qe3 24. Qd1 Rb8 25. Bb3 e6 26.
Qe2 Qd4 27. f4 a5 28. Kg2 a4 29. Bc2 Rb2 30. Kf3 Qc3 31. e5 d5 { White
forfeits on time } 0-1